 Dungeon Crawl Stone Soup version 0.29.1-2-gbd0b4ee654 (webtiles) character file.

Game seed: 3583517170168398689

49 GorkyZ the Shield-Bearer (level 4, -5/37 HPs)
             Began as a Formicid Fighter on Nov 19, 2022.
             Slain by Sigmund
             ... wielding a +0 scythe
              (10 damage)
             ... on level 2 of the Dungeon.
             The game lasted 00:03:47 (1362 turns).

GorkyZ the Shield-Bearer (Formicid Fighter)         Turns: 1362, Time: 00:03:48

Health: -5/37      AC:  8    Str: 22    XL:     4   Next: 1%
Magic:  4/4        EV:  9    Int:  8    God:
Gold:   91         SH:  0    Dex: 13    Spells: 3/3 levels left

rFire   . . .      SeeInvis +   a - +0 war axe
rCold   . . .      Faith    .   c - +0 buckler
rNeg    . . .      Spirit   .   b - +0 scale mail
rPois   .          Reflect  .   (helmet unavailable)
rElec   .          Harm     .   (no cloak)
rCorr   .          Rampage  .   g - +0 pair of gloves
Will    .....                   (no boots)
Stlth   ..........              i - amulet of regeneration
HPRegen 0.92/turn               (no ring)
MPRegen 0.09/turn               (no ring)

@: confused
A: permanent stasis, dig shafts and tunnels, antennae 3, four strong arms
a: Dig, Shaft Self


You were on level 2 of the Dungeon.
You visited 1 branch of the dungeon, and saw 2 of its levels.

You collected 91 gold pieces.

Inventory:

Hand Weapons
 a - a +0 war axe (weapon)
Armour
 b - a +0 scale mail (worn)
 c - a +0 buckler (worn)
 g - a +0 pair of gloves (worn)
Jewellery
 i - an amulet of regeneration (around neck)
Scrolls
 k - a scroll of identify {unknown}
 l - a scroll of magic mapping {unknown}
Potions
 d - 2 potions of might
 e - a potion of degeneration {unknown}
 f - 2 potions of attraction {unknown}
 h - a potion of resistance {unknown}
 j - 2 potions of curing {unknown}


   Skills:
 * Level 3.9 Fighting
 + Level 2.2 Axes
 + Level 1.2 Throwing
 + Level 3.5 Armour
 + Level 4.3 Shields
 + Level 1.1 Evocations


You had 3 spell levels left.
You didn't know any spells.
Your spell library was empty.

Dungeon Overview and Level Annotations

Branches:
Dungeon (2/15)

Altars:

Annotations:
D:2 Sigmund


Innate Abilities, Weirdness & Mutations

You cannot be hasted, slowed, berserked, paralysed or teleported.
You can dig through walls and to a lower floor.
You have a pair of large antennae on your head. (SInv)
Your four strong arms can wield two-handed weapons with a shield.


Message History

Sigmund is lightly wounded.
You feel less confused. You block Sigmund's attack.
You closely miss Sigmund.
Sigmund is lightly wounded.
Sigmund hits you with a +0 scythe!
* * * LOW HITPOINT WARNING * * *
You slash Sigmund!
Sigmund is heavily wounded.
You block Sigmund's attack.
You hit Sigmund.
Sigmund is severely wounded.
Sigmund hits you but does no damage.
You completely miss Sigmund.
Sigmund is severely wounded.
Sigmund gestures at you while chanting. The magic dart hits you.
* * * LOW HITPOINT WARNING * * *
You closely miss Sigmund.
Sigmund is heavily wounded.
Sigmund hits you with a +0 scythe.
* * * LOW HITPOINT WARNING * * *
You barely miss Sigmund.
Sigmund is heavily wounded.
Sigmund hits you with a +0 scythe.
* * * LOW HITPOINT WARNING * * *
You slash Sigmund!
Sigmund is almost dead.
Sigmund mumbles some strange words.
Sigmund flickers and vanishes for a moment.
You hit Sigmund.
Sigmund is almost dead.
Sigmund casts a spell at you.
You are confused.
You barely miss Sigmund.
Sigmund is almost dead.
Sigmund hits you with a +0 scythe.
* * * LOW HITPOINT WARNING * * *
You bump into the rock wall.
Sigmund hits you with a +0 scythe!
You die...

### #.# #####.# #.....#
###.#.###########
#########.#.##.@@=....!
#.........#.##.########
##.########.##.# #.#
#.##.# #.# #.##.# #.#
#.##.#
###.########.##.#
..............#.#
###.#.........#.#


You could see Sigmund (invisible).

Vanquished Creatures
  An adder (D:2)
  2 worms (D:2)
  4 bats (D:1)
  An endoplasm (D:1)
  2 giant cockroaches (D:1)
  3 goblins
  A hobgoblin (D:1)
  3 jackals (D:1)
  7 kobolds (D:1)
  2 quokkas (D:1)
  A ball python (D:1)
  A frilled lizard (D:1)
  4 rats
32 creatures vanquished.

Notes
Turn   | Place    | Note
-------+----------+-------------------------------------------
     0 | D:1      | GorkyZ the Formicid Fighter began the quest for the Orb.
     0 | D:1      | Reached XP level 1. HP: 18/18 MP: 1/1
   324 | D:1      | Found a faded altar of an unknown god.
   397 | D:1      | Reached XP level 2. HP: 23/24 MP: 2/2
   509 | D:1      | You fall into a shaft and drop 1 floor!
   869 | D:1      | Reached XP level 3. HP: 30/30 MP: 3/3
  1046 | D:1      | Reached skill level 1 in Throwing
  1088 | D:1      | Reached skill level 1 in Evocations
  1326 | D:2      | Reached XP level 4. HP: 37/37 MP: 4/4
  1341 | D:2      | Noticed Sigmund
  1362 | D:2      | Slain by Sigmund

Illustrated notes

Levels and vault maps discovered:
D:1:      evilmike_arrival_rings, layout_loops_corners,
          shapermc_ecumenical_altar_venn
D:2:      layout_basic, kennysheep_generic_room_12, uniq_sigmund

Skill      XL: |  1  2  3 |
---------------+----------+-----
Throwing       | 1 |  1.2
Evocations     | 1 |  1.1
Fighting       | |  3.9
Axes           | |  2.2
Armour         | |  3.5
Shields        | |  4.3

Action                   |  1- 3 |  4- 6 || total
-------------------------+-------+-------++-------
Melee: War axe           |   106 |    17 ||   123
 Abil: Dig               |     1 |       ||     1
Armor: Scale mail        |    52 |     2 ||    54
Dodge: Dodged            |    64 |     3 ||    67
Block: Buckler           |    34 |     2 ||    36
